Map: namrood 002

Players

wasp

  • Race: Protoss Protoss
  • Spawn Location: 1:00

NamroodTuo - Winner!

  • Race: Terran Terran
  • Spawn Location: 7:00

VOD

Have the link to the VOD?

Description

Time

  • Played on: June 6, 2023, 7:40 a.m.
  • Length: 17:52
Show
View Real Time Build Order
Export as new Build Order

wasp Protoss 

Build Orders:  

Get SALT Encoding   

  12  0:25  Pylon  
  12  0:28  Pylon  
  12  0:35  Pylon  
  12  0:42  Pylon  
  12  0:50  Pylon  
  12  0:54  Probe  
  13  1:06  Probe  
  14  1:12  Unknown  
  14  1:13  Unknown  
  14  1:21  Probe  
  15  1:33  Probe  
  16  1:45  Probe  
  17  1:52  Gateway  
  17  1:57  Probe  
  17  2:00  Pylon  
  18  2:09  Probe (Chrono Boost)  
  19  2:19  Probe (Chrono Boost), Gateway  
  20  2:23  Probe (Chrono Boost)  
  21  2:35  Probe (Chrono Boost)  
  23  2:44  Probe (Chrono Boost)  
  23  2:50  Probe  
  24  3:02  Probe (Chrono Boost)  
  26  3:13  Probe (Chrono Boost)  
  26  3:18  Probe (Chrono Boost)  
  27  3:23  Zealot x2  
  31  3:28  Probe  
  32  3:40  Probe  
  33  3:48  Pylon  
  33  3:50  Zealot x2  
  33  3:51  Pylon  
  33  3:54  Pylon  
  37  3:58  Pylon  
  37  3:59  Probe  
  38  4:03  Pylon  
  38  4:06  Pylon  
  38  4:17  Zealot x2  
  42  4:25  Pylon  
  42  4:30  Pylon  
  42  4:44  Zealot x2  
  46  5:03  Probe, Pylon  
  47  5:11  Zealot x2  
  51  5:15  Probe  
  51  5:20  Forge  
  52  5:23  Cybernetics Core  
  52  5:37  Probe (Chrono Boost)  
  52  5:38  Zealot x2  
  57  5:49  Probe (Chrono Boost)  
  59  5:57  Probe (Chrono Boost)  
  59  6:04  Probe  
  59  6:05  Zealot x2  
  64  6:16  Probe  
  65  6:27  Photon Cannon  
  65  6:28  Probe  
  65  6:30  Photon Cannon  
  65  6:31  Photon Cannon x2  
  65  6:32  Zealot  
  68  6:34  Photon Cannon  
  68  6:40  Probe  
  68  6:42  Photon Cannon  
  69  6:54  Photon Cannon  
  69  7:01  Photon Cannon  
  69  7:05  Photon Cannon  
  69  7:19  Photon Cannon  
  69  7:20  Photon Cannon  
  69  7:37  Protoss Ground Weapons Level 1  
  69  7:43  Probe  
  70  7:55  Probe  
  70  7:57  Robotics Facility  
  71  7:59  Robotics Facility  
  71  8:07  Probe  
  72  8:19  Probe  
  73  8:31  Probe  
  74  8:46  Stargate  
  74  8:49  Probe  
  75  9:01  Probe  
  76  9:08  Photon Cannon  
  76  9:10  Photon Cannon  
  76  9:12  Photon Cannon  
  76  9:13  Probe  
  76  9:15  Photon Cannon  
  77  9:17  Photon Cannon  
  77  9:20  Photon Cannon  
  77  9:23  Photon Cannon  
  77  9:25  Probe  
  77  9:26  Photon Cannon  
  77  9:30  Photon Cannon  
  78  9:32  Immortal, Photon Cannon  
  78  9:37  Probe (Chrono Boost), Photon Cannon  
  83  9:39  Protoss Ground Armor Level 1  
  83  9:46  Immortal  
  83  9:47  Probe (Chrono Boost)  
  83  9:52  Probe (Chrono Boost)  
  89  10:04  Probe  
  90  10:36  Unknown  
  90  10:38  Unknown  
  94  11:00  Void Ray  
  94  11:07  Immortal x2  
  102  11:25  Pylon  
  102  11:37  Phoenix  
  104  11:40  Protoss Shields Level 1, Pylon  
  104  11:46  Immortal x2  
  112  11:52  Pylon  
  112  12:02  Phoenix  
  112  12:06  Pylon  
  112  12:07  Pylon  
  112  12:08  Pylon x2  
  114  12:10  Pylon x2  
  114  12:11  Pylon  
  114  12:12  Pylon  
  114  12:25  Immortal  
  114  12:26  Immortal  
  126  12:33  Void Ray  
  124  12:49  Fleet Beacon  
  124  12:52  Robotics Bay  
  124  13:05  Immortal x2  
  136  13:16  Void Ray  
  136  13:19  Twilight Council  
  136  13:24  Probe  
  137  13:36  Probe  
  138  13:44  Immortal x2  
  138  13:48  Probe  
  147  14:00  Probe  
  148  14:03  Tempest  
  153  14:12  Probe  
  154  14:23  Stargate  
  6  17:05  Nexus  
Show
View Real Time Build Order
Export as new Build Order

NamroodTuo Terran - Winner!

Build Orders:  

Get SALT Encoding   

  12  0:02  SCV  
  13  0:14  SCV  
  14  0:26  SCV  
  15  0:46  Supply Depot  
  15  0:52  Supply Depot  
  15  1:07  SCV  
  16  1:17  Barracks  
  16  1:19  SCV, Supply Depot  
  17  1:32  SCV  
  18  1:44  SCV  
  18  1:46  Command Center  
  19  1:55  Supply Depot  
  19  1:56  SCV  
  20  2:05  Engineering Bay  
  20  2:08  SCV  
  21  2:14  Unknown  
  21  2:20  SCV  
  21  2:22  Supply Depot  
  22  2:32  SCV  
  23  2:39  Unknown  
  23  2:44  SCV  
  23  2:45  Unknown  
  24  2:54  Unknown  
  24  2:55  Supply Depot  
  24  2:56  SCV  
  25  2:58  Marine  
  26  3:08  SCV  
  26  3:09  SCV  
  28  3:20  SCV  
  28  3:21  SCV  
  28  3:23  Engineering Bay  
  30  3:31  Supply Depot  
  30  3:34  SCV  
  31  3:41  SCV  
  31  3:46  SCV  
  33  3:53  SCV  
  34  3:58  SCV  
  35  4:05  SCV  
  35  4:09  Barracks Tech Lab  
  36  4:10  SCV  
  36  4:11  Factory  
  36  4:14  Supply Depot  
  37  4:18  SCV  
  37  4:22  SCV  
  39  4:30  SCV  
  40  4:32  Combat Shield  
  40  4:34  SCV  
  41  4:42  SCV  
  42  4:46  SCV  
  43  4:53  Marauder  
  43  4:58  SCV  
  46  5:00  Terran Infantry Weapons Level 1  
  46  5:02  Terran Infantry Armor Level 1  
  46  5:03  Armory  
  46  5:05  SCV, Supply Depot  
  47  5:14  Starport  
  47  5:15  Marauder  
  47  5:17  SCV  
  50  5:27  SCV  
  51  5:29  SCV  
  52  5:37  Marauder  
  52  5:39  SCV  
  52  5:41  SCV, Supply Depot  
  56  5:51  SCV, Concussive Shells  
  56  5:53  Starport  
  56  5:54  SCV  
  58  5:58  Marauder  
  58  6:00  Terran Ship Weapons Level 1, Armory  
  58  6:02  Starport Tech Lab  
  58  6:03  SCV  
  61  6:06  SCV  
  61  6:09  Fusion Core, Supply Depot  
  62  6:15  SCV  
  62  6:18  SCV  
  64  6:20  Marauder  
  66  6:30  SCV  
  67  6:39  Starport Tech Lab  
  67  6:41  Starport  
  67  6:42  SCV  
  68  6:49  Terran Vehicle And Ship Armor Level 1  
  68  6:54  SCV, Neosteel Armor  
  68  6:56  Hi-Sec Auto Tracking  
  69  7:02  Battlecruiser  
  69  7:05  Battlecruiser  
  69  7:06  SCV  
  82  7:11  Supply Depot  
  82  7:23  Starport Tech Lab  
  82  7:28  Missile Turret  
  82  7:32  SCV  
  82  7:35  Supply Depot  
  83  7:42  Missile Turret  
  83  7:44  SCV  
  83  7:45  Missile Turret  
  83  7:48  Missile Turret  
  84  7:56  SCV  
  84  7:57  Supply Depot  
  85  7:58  Missile Turret  
  85  8:03  Missile Turret  
  85  8:06  Battlecruiser  
  85  8:08  Battlecruiser, Missile Turret  
  85  8:09  Missile Turret  
  97  8:17  Supply Depot  
  97  8:18  Missile Turret  
  97  8:20  Supply Depot  
  97  8:23  Terran Ship Weapons Level 2  
  97  8:24  Supply Depot  
  97  8:30  Missile Turret  
  97  8:35  Battlecruiser  
  97  8:39  Weapon Refit, Missile Turret  
  97  8:40  Supply Depot  
  103  8:42  Supply Depot  
  103  8:44  Terran Vehicle Weapons Level 1  
  103  8:47  Supply Depot  
  103  8:50  Missile Turret  
  103  8:59  Missile Turret  
  103  9:04  Supply Depot  
  103  9:06  Hyperflight Rotors  
  103  9:11  Battlecruiser  
  103  9:15  Battlecruiser  
  115  9:19  Missile Turret  
  115  9:24  Cloaking Field  
  115  9:39  Banshee  
  115  9:40  Supply Depot  
  115  9:41  Missile Turret  
  118  10:02  Supply Depot  
  118  10:08  Marauder  
  120  10:15  Banshee  
  120  10:19  Battlecruiser  
  129  10:22  Banshee  
  129  10:25  Supply Depot  
  132  10:29  Marauder  
  134  10:38  Terran Vehicle And Ship Armor Level 2  
  134  10:44  Unknown  
  134  10:46  Unknown  
  134  10:50  Unknown  
  134  10:51  Marauder  
  134  10:54  Unknown  
  136  10:57  Banshee  
  139  11:05  Banshee  
  142  11:12  Marauder  
  144  11:23  Banshee  
  147  11:34  Marauder  
  147  11:37  Terran Ship Weapons Level 3  
  149  11:40  Terran Infantry Weapons Level 2, Banshee  
  149  11:42  Terran Infantry Armor Level 2  
  152  11:48  Banshee  
  155  12:06  Battlecruiser  
  161  12:23  Battlecruiser  
  167  12:30  Banshee  
  170  12:54  Terran Vehicle Weapons Level 2  
  170  13:10  Banshee  
  173  13:13  Banshee  
  173  13:16  Starport  
  176  13:20  Starport  
  176  13:27  Banshee  
  176  13:30  Starport  
  179  13:53  Banshee  
  182  13:57  Battlecruiser  
  188  14:11  Battlecruiser  
  194  14:35  Banshee  
  191  15:00  Banshee  
  194  15:10  Terran Vehicle And Ship Armor Level 3  
  194  15:14  Banshee  
  194  15:18  Banshee  
  200  15:38  Starport Tech Lab  
  200  15:39  Starport Tech Lab  
  200  15:40  Starport Tech Lab  
Tags
 
Matchup
PvT
Replay Pack
Multiplayer
Spawn Locations
Cross Positions
Add a new tag
Caveats
  • Supply blocks, unpowered buildings, or Contaminate may cause inaccurate times.
  • Supply counts are checked every 10 seconds.